Workbook

Sheet Price Proposal
B2: A+ Framers, Inc
B3: Gypsum Drywall Contractor.
B4: Naples, Florida
B5: Tel: (239) 362 5771
B6: e-mail: aframers@ivanhoer.com
B8: Materials and Labor Cost
B9: Job:
B11: Description | C11: Qt | D11: Price | E11: Total
B13: Acoustical Ceiling - New Grid and Tiles ___________SqFt
B14: Grid: | C14: 1 | E14: =C14*D14 -> 0
B15: Tile:
C36: Subtotal | E36: =SUM(E12:E34) -> 0
C37: Taxes | E37: 0
C38: Shipping | E38: 0
C39: Total | E39: =SUM(E36:E38) -> 0
B41: Contact: Ivanhoe Rodriguez

Sheet Prelude XL
A1: A+ Framers, Inc
A2: Gypsum Drywall Contractor.
A3: Naples, Florida
A4: Tel: (239) 362 5771
A5: e-mail: aframers@ivanhoer.com
A7: Acoustical Material Estimator and Label Cost | M7: Total Price | N7: Qt | O7: Tax | P7: Price w Tax | Q7: Price Unit
A8: =TEXT('Price Proposal'!B9,) -> Job: | I8: 44228 | M8: 1324.8 | N8: 23 | O8: 0.08 | P8: =M8+(M8*O8) -> 1430.784 | Q8: =P8/N8 -> 62.208
A10: Panel Size | B10: 2 | C10: 2 | D10: =B10*C10 -> 4
F11: Main T
A12: Rooms Description | B12: Width | C12: Length | D12: Area | E12: Panels (units) | F12: MR (feets) | G12: CR 4' (units) | H12: CR 2' (units) | I12: WA (feets) | J12: Wire (units)
A14: Office #1 | B14: 10 | C14: 10 | D14: =B14*C14 -> 100 | E14: =ROUNDUP(D14/$D$10,0) -> 25 | F14: =ROUNDUP(D14/4,0) -> 25 | G14: =ROUNDUP(F14/2,0) -> 13 | H14: =ROUNDUP(G14*1,0) -> 13 | I14: =ROUNDUP(((B14+C14)*2),0) -> 40 | J14: =ROUNDUP(D14/16,0) -> 7
A15: Office #2 | B15: 10 | C15: 10 | D15: =B15*C15 -> 100 | E15: =ROUNDUP(D15/$D$10,0) -> 25 | F15: =ROUNDUP(D15/4,0) -> 25 | G15: =ROUNDUP(F15/2,0) -> 13 | H15: =ROUNDUP(G15*1,0) -> 13 | I15: =ROUNDUP(((B15+C15)*2),0) -> 40 | J15: =ROUNDUP(D15/16,0) -> 7
A16: Office #3 | B16: 10 | C16: 10 | D16: =B16*C16 -> 100 | E16: =ROUNDUP(D16/$D$10,0) -> 25 | F16: =ROUNDUP(D16/4,0) -> 25 | G16: =ROUNDUP(F16/2,0) -> 13 | H16: =ROUNDUP(G16*1,0) -> 13 | I16: =ROUNDUP(((B16+C16)*2),0) -> 40 | J16: =ROUNDUP(D16/16,0) -> 7
A17: Office #4 | B17: 10 | C17: 10 | D17: =B17*C17 -> 100 | E17: =ROUNDUP(D17/$D$10,0) -> 25 | F17: =ROUNDUP(D17/4,0) -> 25 | G17: =ROUNDUP(F17/2,0) -> 13 | H17: =ROUNDUP(G17*1,0) -> 13 | I17: =ROUNDUP(((B17+C17)*2),0) -> 40 | J17: =ROUNDUP(D17/16,0) -> 7
B18: 10 | C18: 10 | D18: =B18*C18 -> 100 | E18: =ROUNDUP(D18/$D$10,0) -> 25 | F18: =ROUNDUP(D18/4,0) -> 25 | G18: =ROUNDUP(F18/2,0) -> 13 | H18: =ROUNDUP(G18*1,0) -> 13 | I18: =ROUNDUP(((B18+C18)*2),0) -> 40 | J18: =ROUNDUP(D18/16,0) -> 7
B19: 10 | C19: 50 | D19: =B19*C19 -> 500 | E19: =ROUNDUP(D19/$D$10,0) -> 125 | F19: =ROUNDUP(D19/4,0) -> 125 | G19: =ROUNDUP(F19/2,0) -> 63 | H19: =ROUNDUP(G19*1,0) -> 63 | I19: =ROUNDUP(((B19+C19)*2),0) -> 120 | J19: =ROUNDUP(D19/16,0) -> 32
D20: =B20*C20 -> 0 | E20: =ROUNDUP(D20/$D$10,0) -> 0 | F20: =ROUNDUP(D20/4,0) -> 0 | G20: =ROUNDUP(F20/2,0) -> 0 | H20: =ROUNDUP(G20*1,0) -> 0 | I20: =ROUNDUP(((B20+C20)*2),0) -> 0 | J20: =ROUNDUP(D20/16,0) -> 0
D21: =B21*C21 -> 0 | E21: =ROUNDUP(D21/$D$10,0) -> 0 | F21: =ROUNDUP(D21/4,0) -> 0 | G21: =ROUNDUP(F21/2,0) -> 0 | H21: =ROUNDUP(G21*1,0) -> 0 | I21: =ROUNDUP(((B21+C21)*2),0) -> 0 | J21: =ROUNDUP(D21/16,0) -> 0
D22: =B22*C22 -> 0 | E22: =ROUNDUP(D22/$D$10,0) -> 0 | F22: =ROUNDUP(D22/4,0) -> 0 | G22: =ROUNDUP(F22/2,0) -> 0 | H22: =ROUNDUP(G22*1,0) -> 0 | I22: =ROUNDUP(((B22+C22)*2),0) -> 0 | J22: =ROUNDUP(D22/16,0) -> 0
A23: Material Quantities | D23: =SUM(D14:D22) -> 1000 | E23: =SUM(E14:E22) -> 250 | F23: =SUM(F14:F22) -> 250 | G23: =SUM(G14:G22) -> 128 | H23: =SUM(H14:H22) -> 128 | I23: =SUM(I14:I22) -> 320 | J23: =SUM(J14:J22) -> 67
A25: Material | B25: Adjusted Qt Units | D25: Price | E25: Amount | G25: BOX Qt | H25: Boxes | I25: Price | J25: Total | L25: Material Description
A26: ="Panels "&B10&" x "&C10 -> Panels 2 x 2 | B26: =E23 -> 250 | D26: =I26/G26 -> 0 | E26: =B26*D26 -> 0 | G26: 12 | H26: =ROUNDUP(B26/G26,0) -> 21 | I26: 0 | J26: =H26*I26 -> 0 | L26: NO TILE
A27: Main Runners - 7301 | B27: =ROUNDUP(F23/12,0) -> 21 | D27: =I27/G27 -> 13.14 | E27: =B27*D27 -> 275.94 | G27: 20 | H27: =ROUNDUP(B27/G27,0) -> 2 | I27: 262.8 | J27: =H27*I27 -> 525.6 | K27: 7300 | L27: Armstrong GRID PRELUDE XL 15/16
A28: Cross Runners 4' - 7348 | B28: =ROUNDUP(G23,0)+2 -> 130 | D28: =I28/G28 -> 4.14 | E28: =B28*D28 -> 538.2 | G28: 60 | H28: =ROUNDUP(B28/G28,0) -> 3 | I28: 248.4 | J28: =H28*I28 -> 745.2 | K28: XL7348
A29: Cross Runners 2' - 7328 | B29: =ROUNDUP(H23,0)+2 -> 130 | D29: =I29/G29 -> 2.07 | E29: =B29*D29 -> 269.1 | G29: 60 | H29: =ROUNDUP(B29/G29,0) -> 3 | I29: 124.2 | J29: =H29*I29 -> 372.6 | K29: XL7328
A30: Wall Molding 7/8 - 7800 | B30: =ROUNDUP(I23/12,0) -> 27 | D30: =I30/G30 -> 8.82 | E30: =B30*D30 -> 238.14 | G30: 30 | H30: =ROUNDUP(B30/G30,0) -> 1 | I30: 264.6 | J30: =H30*I30 -> 264.6 | K30: 7800
A31: Wires and pins | D31: 2 | E31: =J23*D31 -> 134 | J31: =SUM(J26:J30) -> 1908
A33: Material Total | E33: =SUM(E26:E32) -> 1455.38 | G33: Last Updated: | J33: 45927
A34: Sales Taxs | D34: 0.07 | E34: =(E33*D34) -> 101.8766
A35: Insurance, Mark Up and Delivery | D35: 0.2 | E35: =(E33*D35) -> 291.076
A36: Gran Material Total | E36: =SUM(E33:E35) -> 1848.3326
A37: Labor Cost | E37: =(D23*J37)+((D23*J37)*D35) -> 0 | H37: Labor Cost SqFt
A38: Gran Total | E38: =ROUNDUP(SUM(E36:E37),0) -> 1849
A40: Square Foot Price - ONLY GRID | E40: =E38/D23 -> 1.849
A42: Price p/ SqFT

Sheet Grid Suprafine
A1: A+ Framers, Inc
A2: Gypsum Drywall Contractor.
A3: Naples, Florida
A4: Tel: (239) 362 5771
A5: e-mail: aframers@ivanhoer.com
A7: Acoustical Material Estimator and Label Cost
A8: =TEXT('Price Proposal'!B9,) -> Job: | I8: ='Prelude XL'!I8:J8 -> 44228
A10: Panel Size | B10: 2 | C10: 2 | D10: =B10*C10 -> 4
F11: Main T
A12: Rooms Description | B12: Width | C12: Length | D12: Area | E12: Panels (units) | F12: MR (feets) | G12: CR 4' (units) | H12: CR 2' (units) | I12: WA (feets) | J12: Wire (units)
A14: Office #1 | B14: 25 | C14: 25 | D14: =B14*C14 -> 625 | E14: =ROUNDUP(D14/$D$10,0) -> 157 | F14: =ROUNDUP(D14/4,0) -> 157 | G14: =ROUNDUP(F14/2,0) -> 79 | H14: =ROUNDUP(G14*1,0) -> 79 | I14: =ROUNDUP(((B14+C14)*2),0) -> 100 | J14: =ROUNDUP(D14/16,0) -> 40
A15: Office #2 | B15: 10 | C15: 37.5 | D15: =B15*C15 -> 375 | E15: =ROUNDUP(D15/$D$10,0) -> 94 | F15: =ROUNDUP(D15/4,0) -> 94 | G15: =ROUNDUP(F15/2,0) -> 47 | H15: =ROUNDUP(G15*1,0) -> 47 | I15: =ROUNDUP(((B15+C15)*2),0) -> 95 | J15: =ROUNDUP(D15/16,0) -> 24
D16: =B16*C16 -> 0 | E16: =ROUNDUP(D16/$D$10,0) -> 0 | F16: =ROUNDUP(D16/4,0) -> 0 | G16: =ROUNDUP(F16/2,0) -> 0 | H16: =ROUNDUP(G16*1,0) -> 0 | I16: =ROUNDUP(((B16+C16)*2),0) -> 0 | J16: =ROUNDUP(D16/16,0) -> 0
D17: =B17*C17 -> 0 | E17: =ROUNDUP(D17/$D$10,0) -> 0 | F17: =ROUNDUP(D17/4,0) -> 0 | G17: =ROUNDUP(F17/2,0) -> 0 | H17: =ROUNDUP(G17*1,0) -> 0 | I17: =ROUNDUP(((B17+C17)*2),0) -> 0 | J17: =ROUNDUP(D17/16,0) -> 0
D18: =B18*C18 -> 0 | E18: =ROUNDUP(D18/$D$10,0) -> 0 | F18: =ROUNDUP(D18/4,0) -> 0 | G18: =ROUNDUP(F18/2,0) -> 0 | H18: =ROUNDUP(G18*1,0) -> 0 | I18: =ROUNDUP(((B18+C18)*2),0) -> 0 | J18: =ROUNDUP(D18/16,0) -> 0
D19: =B19*C19 -> 0 | E19: =ROUNDUP(D19/$D$10,0) -> 0 | F19: =ROUNDUP(D19/4,0) -> 0 | G19: =ROUNDUP(F19/2,0) -> 0 | H19: =ROUNDUP(G19*1,0) -> 0 | I19: =ROUNDUP(((B19+C19)*2),0) -> 0 | J19: =ROUNDUP(D19/16,0) -> 0
D20: =B20*C20 -> 0 | E20: =ROUNDUP(D20/$D$10,0) -> 0 | F20: =ROUNDUP(D20/4,0) -> 0 | G20: =ROUNDUP(F20/2,0) -> 0 | H20: =ROUNDUP(G20*1,0) -> 0 | I20: =ROUNDUP(((B20+C20)*2),0) -> 0 | J20: =ROUNDUP(D20/16,0) -> 0
D21: =B21*C21 -> 0 | E21: =ROUNDUP(D21/$D$10,0) -> 0 | F21: =ROUNDUP(D21/4,0) -> 0 | G21: =ROUNDUP(F21/2,0) -> 0 | H21: =ROUNDUP(G21*1,0) -> 0 | I21: =ROUNDUP(((B21+C21)*2),0) -> 0 | J21: =ROUNDUP(D21/16,0) -> 0
D22: =B22*C22 -> 0 | E22: =ROUNDUP(D22/$D$10,0) -> 0 | F22: =ROUNDUP(D22/4,0) -> 0 | G22: =ROUNDUP(F22/2,0) -> 0 | H22: =ROUNDUP(G22*1,0) -> 0 | I22: =ROUNDUP(((B22+C22)*2),0) -> 0 | J22: =ROUNDUP(D22/16,0) -> 0
D23: =B23*C23 -> 0 | E23: =ROUNDUP(D23/$D$10,0) -> 0 | F23: =ROUNDUP(D23/4,0) -> 0 | G23: =ROUNDUP(F23/2,0) -> 0 | H23: =ROUNDUP(G23*1,0) -> 0 | I23: =ROUNDUP(((B23+C23)*2),0) -> 0 | J23: =ROUNDUP(D23/16,0) -> 0
A24: Material Quantities | D24: =SUM(D14:D23) -> 1000 | E24: =SUM(E14:E23) -> 251 | F24: =SUM(F14:F23) -> 251 | G24: =SUM(G14:G23) -> 126 | H24: =SUM(H14:H23) -> 126 | I24: =SUM(I14:I23) -> 195 | J24: =SUM(J14:J23) -> 64
A26: Material | B26: Adjusted Qt Units | D26: Price | E26: Amount | G26: BOX Qt | H26: Boxes | I26: Price | J26: Total | L26: Material Description
A27: ="Panels "&B10&" x "&C10 -> Panels 2 x 2 | B27: =E24 -> 251 | D27: =I27/G27 -> 0 | E27: =B27*D27 -> 0 | G27: 8 | H27: =ROUNDUP(B27/G27,0) -> 32 | I27: 0 | J27: =H27*I27 -> 0 | L27: NO TILE
A28: Main Runners | B28: =ROUNDUP(F24/12,0) -> 21 | D28: =I28/G28 -> 15.78 | E28: =B28*D28 -> 331.38 | G28: 20 | H28: =ROUNDUP(B28/G28,0) -> 2 | I28: 315.6 | J28: =H28*I28 -> 631.2 | K28: #7500 | L28: Armstrong Grid SupraFine 9/16
A29: Cross Runners 4' | B29: =ROUNDUP(G24,0)+2 -> 128 | D29: =I29/G29 -> 5.26 | E29: =B29*D29 -> 673.28 | G29: 60 | H29: =ROUNDUP(B29/G29,0) -> 3 | I29: 315.6 | J29: =H29*I29 -> 946.8 | K29: #XL7540
A30: Cross Runners 2' | B30: =ROUNDUP(H24,0)+2 -> 128 | D30: =I30/G30 -> 2.63 | E30: =B30*D30 -> 336.64 | G30: 60 | H30: =ROUNDUP(B30/G30,0) -> 3 | I30: 157.8 | J30: =H30*I30 -> 473.4 | K30: #XL7520
A31: Wall Angles | B31: =ROUNDUP(I24/12,0) -> 17 | D31: =I31/G31 -> 8.82 | E31: =B31*D31 -> 149.94 | G31: 30 | H31: =ROUNDUP(B31/G31,0) -> 1 | I31: 264.6 | J31: =H31*I31 -> 264.6 | K31: #7804
A32: Wires and pins | D32: 2 | E32: =J24*D32 -> 128 | J32: =SUM(J27:J31) -> 2316
A34: Material Total | E34: =SUM(E27:E33) -> 1619.24 | G34: Last Updated: | J34: 45927
A35: Sales Taxs | D35: 0.07 | E35: =(E34*D35) -> 113.3468
A36: Insurance, Mark Up and Delivery | D36: 0.2 | E36: =(E34*D36) -> 323.848
A37: Gran Material Total | E37: =SUM(E34:E36) -> 2056.4348
A38: Labor Cost | E38: =(D24*J38)+((D24*J38)*D36) -> 0 | H38: Labor Cost SqFt
A39: Gran Total | E39: =ROUNDUP(SUM(E37:E38),0) -> 2057
A41: Price SqFt - Only Grid | E41: =E39/D24 -> 2.057

Sheet Silhoutte Grid
A1: A+ Framers, Inc
A2: Gypsum Drywall Contractor.
A3: Naples, Florida
A4: Tel: (239) 362 5771
A5: e-mail: aframers@ivanhoer.com
A7: Acoustical Material Estimator and Label Cost
A8: =TEXT('Price Proposal'!B9,) -> Job: | I8: ='Price Proposal'!D9:E9 -> #VALUE!
A10: Panel Size | B10: 2 | C10: 2 | D10: =B10*C10 -> 4
F11: Main T
A12: Rooms Description | B12: Width | C12: Length | D12: Area | E12: Panels (units) | F12: MR (feets) | G12: CR 4' (units) | H12: CR 2' (units) | I12: WA (feets) | J12: Wire (units)
A14: Office #1 | B14: 25 | C14: 25 | D14: =B14*C14 -> 625 | E14: =ROUNDUP(D14/$D$10,0) -> 157 | F14: =ROUNDUP(D14/4,0) -> 157 | G14: =ROUNDUP(F14/2,0) -> 79 | H14: =ROUNDUP(G14*1,0) -> 79 | I14: =ROUNDUP(((B14+C14)*2),0) -> 100 | J14: =ROUNDUP(D14/16,0) -> 40
A15: Office #2 | B15: 10 | C15: 37.5 | D15: =B15*C15 -> 375 | E15: =ROUNDUP(D15/$D$10,0) -> 94 | F15: =ROUNDUP(D15/4,0) -> 94 | G15: =ROUNDUP(F15/2,0) -> 47 | H15: =ROUNDUP(G15*1,0) -> 47 | I15: =ROUNDUP(((B15+C15)*2),0) -> 95 | J15: =ROUNDUP(D15/16,0) -> 24
D16: =B16*C16 -> 0 | E16: =ROUNDUP(D16/$D$10,0) -> 0 | F16: =ROUNDUP(D16/4,0) -> 0 | G16: =ROUNDUP(F16/2,0) -> 0 | H16: =ROUNDUP(G16*1,0) -> 0 | I16: =ROUNDUP(((B16+C16)*2),0) -> 0 | J16: =ROUNDUP(D16/16,0) -> 0
D17: =B17*C17 -> 0 | E17: =ROUNDUP(D17/$D$10,0) -> 0 | F17: =ROUNDUP(D17/4,0) -> 0 | G17: =ROUNDUP(F17/2,0) -> 0 | H17: =ROUNDUP(G17*1,0) -> 0 | I17: =ROUNDUP(((B17+C17)*2),0) -> 0 | J17: =ROUNDUP(D17/16,0) -> 0
D18: =B18*C18 -> 0 | E18: =ROUNDUP(D18/$D$10,0) -> 0 | F18: =ROUNDUP(D18/4,0) -> 0 | G18: =ROUNDUP(F18/2,0) -> 0 | H18: =ROUNDUP(G18*1,0) -> 0 | I18: =ROUNDUP(((B18+C18)*2),0) -> 0 | J18: =ROUNDUP(D18/16,0) -> 0
D19: =B19*C19 -> 0 | E19: =ROUNDUP(D19/$D$10,0) -> 0 | F19: =ROUNDUP(D19/4,0) -> 0 | G19: =ROUNDUP(F19/2,0) -> 0 | H19: =ROUNDUP(G19*1,0) -> 0 | I19: =ROUNDUP(((B19+C19)*2),0) -> 0 | J19: =ROUNDUP(D19/16,0) -> 0
D20: =B20*C20 -> 0 | E20: =ROUNDUP(D20/$D$10,0) -> 0 | F20: =ROUNDUP(D20/4,0) -> 0 | G20: =ROUNDUP(F20/2,0) -> 0 | H20: =ROUNDUP(G20*1,0) -> 0 | I20: =ROUNDUP(((B20+C20)*2),0) -> 0 | J20: =ROUNDUP(D20/16,0) -> 0
D21: =B21*C21 -> 0 | E21: =ROUNDUP(D21/$D$10,0) -> 0 | F21: =ROUNDUP(D21/4,0) -> 0 | G21: =ROUNDUP(F21/2,0) -> 0 | H21: =ROUNDUP(G21*1,0) -> 0 | I21: =ROUNDUP(((B21+C21)*2),0) -> 0 | J21: =ROUNDUP(D21/16,0) -> 0
D22: =B22*C22 -> 0 | E22: =ROUNDUP(D22/$D$10,0) -> 0 | F22: =ROUNDUP(D22/4,0) -> 0 | G22: =ROUNDUP(F22/2,0) -> 0 | H22: =ROUNDUP(G22*1,0) -> 0 | I22: =ROUNDUP(((B22+C22)*2),0) -> 0 | J22: =ROUNDUP(D22/16,0) -> 0
D23: =B23*C23 -> 0 | E23: =ROUNDUP(D23/$D$10,0) -> 0 | F23: =ROUNDUP(D23/4,0) -> 0 | G23: =ROUNDUP(F23/2,0) -> 0 | H23: =ROUNDUP(G23*1,0) -> 0 | I23: =ROUNDUP(((B23+C23)*2),0) -> 0 | J23: =ROUNDUP(D23/16,0) -> 0
A24: Material Quantities | D24: =SUM(D14:D23) -> 1000 | E24: =SUM(E14:E23) -> 251 | F24: =SUM(F14:F23) -> 251 | G24: =SUM(G14:G23) -> 126 | H24: =SUM(H14:H23) -> 126 | I24: =SUM(I14:I23) -> 195 | J24: =SUM(J14:J23) -> 64
A26: Material | B26: Adjusted Qt Units | D26: Price | E26: Amount | G26: BOX Qt | H26: Boxes | I26: Price | J26: Total | L26: Material Description
A27: ="Panels "&B10&" x "&C10 -> Panels 2 x 2 | B27: =E24 -> 251 | D27: =I27/G27 -> 0 | E27: =B27*D27 -> 0 | G27: 8 | H27: =ROUNDUP(B27/G27,0) -> 32 | I27: 0 | J27: =H27*I27 -> 0 | L27: NO TILE
A28: Main Runners | B28: =ROUNDUP(F24/12,0) -> 21 | D28: =I28/G28 -> 23.76 | E28: =B28*D28 -> 498.96 | G28: 20 | H28: =ROUNDUP(B28/G28,0) -> 2 | I28: 475.2 | J28: =H28*I28 -> 950.4 | K28: #7600 | L28: Armstrong Grid Silhoutte
A29: Cross Runners 4' | B29: =ROUNDUP(G24,0)+2 -> 128 | D29: =I29/G29 -> 7.92 | E29: =B29*D29 -> 1013.76 | G29: 60 | H29: =ROUNDUP(B29/G29,0) -> 3 | I29: 475.2 | J29: =H29*I29 -> 1425.6 | K29: #XL7640
A30: Cross Runners 2' | B30: =ROUNDUP(H24,0)+2 -> 128 | D30: =I30/G30 -> 3.96 | E30: =B30*D30 -> 506.88 | G30: 60 | H30: =ROUNDUP(B30/G30,0) -> 3 | I30: 237.6 | J30: =H30*I30 -> 712.8 | K30: #XL7620
A31: Wall Angles | B31: =ROUNDUP(I24/12,0) -> 17 | D31: =I31/G31 -> 8.82 | E31: =B31*D31 -> 149.94 | G31: 30 | H31: =ROUNDUP(B31/G31,0) -> 1 | I31: 264.6 | J31: =H31*I31 -> 264.6 | K31: #7804
A32: Wires and pins | D32: 0.65 | E32: =J24*D32 -> 41.6 | J32: =SUM(J27:J31) -> 3353.4
A34: Material Total | E34: =SUM(E27:E33) -> 2211.14 | G34: Last Updated: | J34: 45927
A35: Sales Taxs | D35: 0.06 | E35: =(E34*D35) -> 132.6684
A36: Insurance, Mark Up and Delivery | D36: 0.2 | E36: =(E34*D36) -> 442.228
A37: Gran Material Total | E37: =SUM(E34:E36) -> 2786.0364
A38: Labor Cost | E38: =(D24*J38)+((D24*J38)*D36) -> 1500 | H38: Labor Cost SqFt | J38: 1.25
A39: Gran Total | E39: =ROUNDUP(SUM(E37:E38),0) -> 4287
A41: Square Foot Price - ONLY GRID | E41: =E39/D24 -> 4.287

Sheet Silhoutte Grid 18 Reveal
A1: A+ Framers, Inc
A2: Gypsum Drywall Contractor.
A3: Naples, Florida
A4: Tel: (239) 362 5771
A5: e-mail: aframers@ivanhoer.com
A7: Acoustical Material Estimator and Label Cost
A8: =TEXT('Price Proposal'!B9,) -> Job: | I8: ='Price Proposal'!D9:E9 -> #VALUE!
A10: Panel Size | B10: 2 | C10: 2 | D10: =B10*C10 -> 4
F11: Main T
A12: Rooms Description | B12: Width | C12: Length | D12: Area | E12: Panels (units) | F12: MR (feets) | G12: CR 4' (units) | H12: CR 2' (units) | I12: WA (feets) | J12: Wire (units)
A14: Office #1 | B14: 25 | C14: 25 | D14: =B14*C14 -> 625 | E14: =ROUNDUP(D14/$D$10,0) -> 157 | F14: =ROUNDUP(D14/4,0) -> 157 | G14: =ROUNDUP(F14/2,0) -> 79 | H14: =ROUNDUP(G14*1,0) -> 79 | I14: =ROUNDUP(((B14+C14)*2),0) -> 100 | J14: =ROUNDUP(D14/16,0) -> 40
A15: Office #2 | B15: 10 | C15: 37.5 | D15: =B15*C15 -> 375 | E15: =ROUNDUP(D15/$D$10,0) -> 94 | F15: =ROUNDUP(D15/4,0) -> 94 | G15: =ROUNDUP(F15/2,0) -> 47 | H15: =ROUNDUP(G15*1,0) -> 47 | I15: =ROUNDUP(((B15+C15)*2),0) -> 95 | J15: =ROUNDUP(D15/16,0) -> 24
D16: =B16*C16 -> 0 | E16: =ROUNDUP(D16/$D$10,0) -> 0 | F16: =ROUNDUP(D16/4,0) -> 0 | G16: =ROUNDUP(F16/2,0) -> 0 | H16: =ROUNDUP(G16*1,0) -> 0 | I16: =ROUNDUP(((B16+C16)*2),0) -> 0 | J16: =ROUNDUP(D16/16,0) -> 0
D17: =B17*C17 -> 0 | E17: =ROUNDUP(D17/$D$10,0) -> 0 | F17: =ROUNDUP(D17/4,0) -> 0 | G17: =ROUNDUP(F17/2,0) -> 0 | H17: =ROUNDUP(G17*1,0) -> 0 | I17: =ROUNDUP(((B17+C17)*2),0) -> 0 | J17: =ROUNDUP(D17/16,0) -> 0
D18: =B18*C18 -> 0 | E18: =ROUNDUP(D18/$D$10,0) -> 0 | F18: =ROUNDUP(D18/4,0) -> 0 | G18: =ROUNDUP(F18/2,0) -> 0 | H18: =ROUNDUP(G18*1,0) -> 0 | I18: =ROUNDUP(((B18+C18)*2),0) -> 0 | J18: =ROUNDUP(D18/16,0) -> 0
D19: =B19*C19 -> 0 | E19: =ROUNDUP(D19/$D$10,0) -> 0 | F19: =ROUNDUP(D19/4,0) -> 0 | G19: =ROUNDUP(F19/2,0) -> 0 | H19: =ROUNDUP(G19*1,0) -> 0 | I19: =ROUNDUP(((B19+C19)*2),0) -> 0 | J19: =ROUNDUP(D19/16,0) -> 0
D20: =B20*C20 -> 0 | E20: =ROUNDUP(D20/$D$10,0) -> 0 | F20: =ROUNDUP(D20/4,0) -> 0 | G20: =ROUNDUP(F20/2,0) -> 0 | H20: =ROUNDUP(G20*1,0) -> 0 | I20: =ROUNDUP(((B20+C20)*2),0) -> 0 | J20: =ROUNDUP(D20/16,0) -> 0
D21: =B21*C21 -> 0 | E21: =ROUNDUP(D21/$D$10,0) -> 0 | F21: =ROUNDUP(D21/4,0) -> 0 | G21: =ROUNDUP(F21/2,0) -> 0 | H21: =ROUNDUP(G21*1,0) -> 0 | I21: =ROUNDUP(((B21+C21)*2),0) -> 0 | J21: =ROUNDUP(D21/16,0) -> 0
D22: =B22*C22 -> 0 | E22: =ROUNDUP(D22/$D$10,0) -> 0 | F22: =ROUNDUP(D22/4,0) -> 0 | G22: =ROUNDUP(F22/2,0) -> 0 | H22: =ROUNDUP(G22*1,0) -> 0 | I22: =ROUNDUP(((B22+C22)*2),0) -> 0 | J22: =ROUNDUP(D22/16,0) -> 0
D23: =B23*C23 -> 0 | E23: =ROUNDUP(D23/$D$10,0) -> 0 | F23: =ROUNDUP(D23/4,0) -> 0 | G23: =ROUNDUP(F23/2,0) -> 0 | H23: =ROUNDUP(G23*1,0) -> 0 | I23: =ROUNDUP(((B23+C23)*2),0) -> 0 | J23: =ROUNDUP(D23/16,0) -> 0
A24: Material Quantities | D24: =SUM(D14:D23) -> 1000 | E24: =SUM(E14:E23) -> 251 | F24: =SUM(F14:F23) -> 251 | G24: =SUM(G14:G23) -> 126 | H24: =SUM(H14:H23) -> 126 | I24: =SUM(I14:I23) -> 195 | J24: =SUM(J14:J23) -> 64
A26: Material | B26: Adjusted Qt Units | D26: Price | E26: Amount | G26: BOX Qt | H26: Boxes | I26: Price | J26: Total | L26: Material Description
A27: ="Panels "&B10&" x "&C10 -> Panels 2 x 2 | B27: =E24 -> 251 | D27: =I27/G27 -> 0 | E27: =B27*D27 -> 0 | G27: 8 | H27: =ROUNDUP(B27/G27,0) -> 32 | I27: 0 | J27: =H27*I27 -> 0 | L27: NO TILE
A28: Main Runners | B28: =ROUNDUP(F24/12,0) -> 21 | D28: =I28/G28 -> 23.76 | E28: =B28*D28 -> 498.96 | G28: 20 | H28: =ROUNDUP(B28/G28,0) -> 2 | I28: 475.2 | J28: =H28*I28 -> 950.4 | K28: #76008 | L28: Armstrong Grid Silhoutte
A29: Cross Runners 4' | B29: =ROUNDUP(G24,0)+2 -> 128 | D29: =I29/G29 -> 7.92 | E29: =B29*D29 -> 1013.76 | G29: 60 | H29: =ROUNDUP(B29/G29,0) -> 3 | I29: 475.2 | J29: =H29*I29 -> 1425.6 | K29: #XL76408
A30: Cross Runners 2' | B30: =ROUNDUP(H24,0)+2 -> 128 | D30: =I30/G30 -> 3.96 | E30: =B30*D30 -> 506.88 | G30: 60 | H30: =ROUNDUP(B30/G30,0) -> 3 | I30: 237.6 | J30: =H30*I30 -> 712.8 | K30: #XL76208
A31: Wall Angles | B31: =ROUNDUP(I24/12,0) -> 17 | D31: =I31/G31 -> 9.8 | E31: =B31*D31 -> 166.6 | G31: 30 | H31: =ROUNDUP(B31/G31,0) -> 1 | I31: 294 | J31: =H31*I31 -> 294 | K31: #7874
A32: Wires and pins | D32: 0.65 | E32: =J24*D32 -> 41.6 | J32: =SUM(J27:J31) -> 3382.8
A34: Material Total | E34: =SUM(E27:E33) -> 2227.8 | G34: Last Updated: | J34: 45937
A35: Sales Taxs | D35: 0.06 | E35: =(E34*D35) -> 133.668
A36: Insurance, Mark Up and Delivery | D36: 0.2 | E36: =(E34*D36) -> 445.56
A37: Gran Material Total | E37: =SUM(E34:E36) -> 2807.028
A38: Labor Cost | E38: =(D24*J38)+((D24*J38)*D36) -> 0 | H38: Labor Cost SqFt | J38: 0
A39: Gran Total | E39: =ROUNDUP(SUM(E37:E38),0) -> 2808
A41: Square Foot Price - ONLY GRID | E41: =E39/D24 -> 2.808

Sheet Drywall Grid
A1: A+ Framers, Inc
A2: Gypsum Drywall Contractor.
A3: Naples, Florida
A4: Tel: (239) 362 5771
A5: e-mail: aframers@ivanhoer.com
A7: Acoustical Material Estimator and Label Cost
A8: =TEXT('Price Proposal'!B9,) -> Job: | I8: ='Price Proposal'!D9:E9 -> #VALUE!
A10: Panel Size | B10: 2 | C10: 2 | D10: =B10*C10 -> 4
F11: Main T
A12: Rooms Description | B12: Width | C12: Length | D12: Area | E12: Panels (units) | F12: MR (feets) | G12: CR 4' (units) | H12: CR 2' (units) | I12: WA (feets) | J12: Wire (units)
A14: Office #1 | B14: 25 | C14: 25 | D14: =B14*C14 -> 625 | E14: =ROUNDUP(D14/$D$10,0) -> 157 | F14: =ROUNDUP(D14/4,0) -> 157 | G14: =ROUNDUP(F14/1.33,0) -> 119 | H14: =ROUNDUP(G14*1,0) -> 119 | I14: =ROUNDUP(((B14+C14)*2),0) -> 100 | J14: =ROUNDUP(D14/16,0) -> 40
A15: Office #2 | B15: 0 | C15: 37.5 | D15: =B15*C15 -> 0 | E15: =ROUNDUP(D15/$D$10,0) -> 0 | F15: =ROUNDUP(D15/4,0) -> 0 | G15: =ROUNDUP(F15/1.33,0) -> 0 | H15: =ROUNDUP(G15*1,0) -> 0 | I15: =ROUNDUP(((B15+C15)*2),0) -> 75 | J15: =ROUNDUP(D15/16,0) -> 0
D16: =B16*C16 -> 0 | E16: =ROUNDUP(D16/$D$10,0) -> 0 | F16: =ROUNDUP(D16/4,0) -> 0 | G16: =ROUNDUP(F16/2,0) -> 0 | H16: =ROUNDUP(G16*1,0) -> 0 | I16: =ROUNDUP(((B16+C16)*2),0) -> 0 | J16: =ROUNDUP(D16/16,0) -> 0
D17: =B17*C17 -> 0 | E17: =ROUNDUP(D17/$D$10,0) -> 0 | F17: =ROUNDUP(D17/4,0) -> 0 | G17: =ROUNDUP(F17/2,0) -> 0 | H17: =ROUNDUP(G17*1,0) -> 0 | I17: =ROUNDUP(((B17+C17)*2),0) -> 0 | J17: =ROUNDUP(D17/16,0) -> 0
D18: =B18*C18 -> 0 | E18: =ROUNDUP(D18/$D$10,0) -> 0 | F18: =ROUNDUP(D18/4,0) -> 0 | G18: =ROUNDUP(F18/2,0) -> 0 | H18: =ROUNDUP(G18*1,0) -> 0 | I18: =ROUNDUP(((B18+C18)*2),0) -> 0 | J18: =ROUNDUP(D18/16,0) -> 0
D19: =B19*C19 -> 0 | E19: =ROUNDUP(D19/$D$10,0) -> 0 | F19: =ROUNDUP(D19/4,0) -> 0 | G19: =ROUNDUP(F19/2,0) -> 0 | H19: =ROUNDUP(G19*1,0) -> 0 | I19: =ROUNDUP(((B19+C19)*2),0) -> 0 | J19: =ROUNDUP(D19/16,0) -> 0
D20: =B20*C20 -> 0 | E20: =ROUNDUP(D20/$D$10,0) -> 0 | F20: =ROUNDUP(D20/4,0) -> 0 | G20: =ROUNDUP(F20/2,0) -> 0 | H20: =ROUNDUP(G20*1,0) -> 0 | I20: =ROUNDUP(((B20+C20)*2),0) -> 0 | J20: =ROUNDUP(D20/16,0) -> 0
D21: =B21*C21 -> 0 | E21: =ROUNDUP(D21/$D$10,0) -> 0 | F21: =ROUNDUP(D21/4,0) -> 0 | G21: =ROUNDUP(F21/2,0) -> 0 | H21: =ROUNDUP(G21*1,0) -> 0 | I21: =ROUNDUP(((B21+C21)*2),0) -> 0 | J21: =ROUNDUP(D21/16,0) -> 0
D22: =B22*C22 -> 0 | E22: =ROUNDUP(D22/$D$10,0) -> 0 | F22: =ROUNDUP(D22/4,0) -> 0 | G22: =ROUNDUP(F22/2,0) -> 0 | H22: =ROUNDUP(G22*1,0) -> 0 | I22: =ROUNDUP(((B22+C22)*2),0) -> 0 | J22: =ROUNDUP(D22/16,0) -> 0
D23: =B23*C23 -> 0 | E23: =ROUNDUP(D23/$D$10,0) -> 0 | F23: =ROUNDUP(D23/4,0) -> 0 | G23: =ROUNDUP(F23/2,0) -> 0 | H23: =ROUNDUP(G23*1,0) -> 0 | I23: =ROUNDUP(((B23+C23)*2),0) -> 0 | J23: =ROUNDUP(D23/16,0) -> 0
A24: Material Quantities | D24: =SUM(D14:D23) -> 625 | E24: =SUM(E14:E23) -> 157 | F24: =SUM(F14:F23) -> 157 | G24: =SUM(G14:G23) -> 119 | H24: =SUM(H14:H23) -> 119 | I24: =SUM(I14:I23) -> 175 | J24: =SUM(J14:J23) -> 40 | L24: LAST PRICE UPDATE 03/2019
A26: Material | B26: Adjusted Qt Units | D26: Price | E26: Amount | G26: BOX Qt | H26: Boxes | I26: Price | J26: Total | L26: Material Description
A27: ="Panels "&B10&" x "&C10 -> Panels 2 x 2 | B27: =E24 -> 157 | D27: =I27/G27 -> 0 | E27: =B27*D27 -> 0 | G27: 8 | H27: =ROUNDUP(B27/G27,0) -> 20 | I27: 0 | J27: =H27*I27 -> 0 | L27: NO TILE
A28: Main Runners | B28: =ROUNDUP(F24/12,0) -> 14 | D28: =I28/G28 -> 11.255833 | E28: =B28*D28 -> 157.58167 | G28: 12 | H28: =ROUNDUP(B28/G28,0) -> 2 | I28: 135.07 | J28: 135 | K28: 8906 | L28: Armstrong Drywall Grid
A29: Cross Runners 4' | B29: =ROUNDUP(G24,0)+2 -> 121 | D29: =I29/G29 -> 3.7519444 | E29: =B29*D29 -> 453.98528 | G29: 36 | H29: =ROUNDUP(B29/G29,0) -> 4 | I29: 135.07 | J29: =H29*I29 -> 540.28 | K29: 8945
A30: Cross Runners 2' | B30: =ROUNDUP(H24,0)+2 -> 121 | D30: =I30/G30 -> 0 | E30: =B30*D30 -> 0 | G30: 36 | H30: =ROUNDUP(B30/G30,0) -> 4 | J30: =H30*I30 -> 0
A31: Wall Angles | B31: =ROUNDUP(I24/10,0) -> 18 | D31: =I31/G31 -> 4.6 | E31: =B31*D31 -> 82.8 | G31: 10 | H31: =ROUNDUP(B31/G31,0) -> 2 | I31: 46 | J31: =H31*I31 -> 92
A32: Wires and pins | D32: 1.75 | E32: =J24*D32 -> 70 | J32: =SUM(J27:J31) -> 767.28
A34: Material Total | E34: =SUM(E27:E33) -> 764.36694
A35: Sales Taxs | D35: 0.06 | E35: =(E34*D35) -> 45.862017
A36: Insurance, Mark Up and Delivery | D36: 0.2 | E36: =(E34*D36) -> 152.87339
A37: Gran Material Total | E37: =SUM(E34:E36) -> 963.10235
A38: Labor Cost | E38: =(D24*J38)+((D24*J38)*D36) -> 0 | H38: Labor Cost SqFt
A39: Gran Total | E39: =ROUNDUP(SUM(E37:E38),0) -> 964
A43: Price p/ SqFT | B43: =E39/D24 -> 1.5424

Sheet Interlude XL Grid
A1: A+ Framers, Inc
A2: Gypsum Drywall Contractor.
A3: Naples, Florida
A4: Tel: (239) 362 5771
A5: e-mail: aframers@ivanhoer.com
A7: Acoustical Material Estimator and Label Cost
A8: =TEXT('Price Proposal'!B9,) -> Job: | I8: ='Price Proposal'!D9:E9 -> #VALUE!
A10: Panel Size | B10: 2 | C10: 2 | D10: =B10*C10 -> 4
F11: Main T
A12: Rooms Description | B12: Width | C12: Length | D12: Area | E12: Panels (units) | F12: MR (feets) | G12: CR 4' (units) | H12: CR 2' (units) | I12: WA (feets) | J12: Wire (units)
A14: Office #1 | B14: 25 | C14: 25 | D14: =B14*C14 -> 625 | E14: =ROUNDUP(D14/$D$10,0) -> 157 | F14: =ROUNDUP(D14/4,0) -> 157 | G14: =ROUNDUP(F14/2,0) -> 79 | H14: =ROUNDUP(G14*1,0) -> 79 | I14: =ROUNDUP(((B14+C14)*2),0) -> 100 | J14: =ROUNDUP(D14/16,0) -> 40
A15: Office #2 | B15: 10 | C15: 37.5 | D15: =B15*C15 -> 375 | E15: =ROUNDUP(D15/$D$10,0) -> 94 | F15: =ROUNDUP(D15/4,0) -> 94 | G15: =ROUNDUP(F15/2,0) -> 47 | H15: =ROUNDUP(G15*1,0) -> 47 | I15: =ROUNDUP(((B15+C15)*2),0) -> 95 | J15: =ROUNDUP(D15/16,0) -> 24
D16: =B16*C16 -> 0 | E16: =ROUNDUP(D16/$D$10,0) -> 0 | F16: =ROUNDUP(D16/4,0) -> 0 | G16: =ROUNDUP(F16/2,0) -> 0 | H16: =ROUNDUP(G16*1,0) -> 0 | I16: =ROUNDUP(((B16+C16)*2),0) -> 0 | J16: =ROUNDUP(D16/16,0) -> 0
D17: =B17*C17 -> 0 | E17: =ROUNDUP(D17/$D$10,0) -> 0 | F17: =ROUNDUP(D17/4,0) -> 0 | G17: =ROUNDUP(F17/2,0) -> 0 | H17: =ROUNDUP(G17*1,0) -> 0 | I17: =ROUNDUP(((B17+C17)*2),0) -> 0 | J17: =ROUNDUP(D17/16,0) -> 0
D18: =B18*C18 -> 0 | E18: =ROUNDUP(D18/$D$10,0) -> 0 | F18: =ROUNDUP(D18/4,0) -> 0 | G18: =ROUNDUP(F18/2,0) -> 0 | H18: =ROUNDUP(G18*1,0) -> 0 | I18: =ROUNDUP(((B18+C18)*2),0) -> 0 | J18: =ROUNDUP(D18/16,0) -> 0
D19: =B19*C19 -> 0 | E19: =ROUNDUP(D19/$D$10,0) -> 0 | F19: =ROUNDUP(D19/4,0) -> 0 | G19: =ROUNDUP(F19/2,0) -> 0 | H19: =ROUNDUP(G19*1,0) -> 0 | I19: =ROUNDUP(((B19+C19)*2),0) -> 0 | J19: =ROUNDUP(D19/16,0) -> 0
D20: =B20*C20 -> 0 | E20: =ROUNDUP(D20/$D$10,0) -> 0 | F20: =ROUNDUP(D20/4,0) -> 0 | G20: =ROUNDUP(F20/2,0) -> 0 | H20: =ROUNDUP(G20*1,0) -> 0 | I20: =ROUNDUP(((B20+C20)*2),0) -> 0 | J20: =ROUNDUP(D20/16,0) -> 0
D21: =B21*C21 -> 0 | E21: =ROUNDUP(D21/$D$10,0) -> 0 | F21: =ROUNDUP(D21/4,0) -> 0 | G21: =ROUNDUP(F21/2,0) -> 0 | H21: =ROUNDUP(G21*1,0) -> 0 | I21: =ROUNDUP(((B21+C21)*2),0) -> 0 | J21: =ROUNDUP(D21/16,0) -> 0
D22: =B22*C22 -> 0 | E22: =ROUNDUP(D22/$D$10,0) -> 0 | F22: =ROUNDUP(D22/4,0) -> 0 | G22: =ROUNDUP(F22/2,0) -> 0 | H22: =ROUNDUP(G22*1,0) -> 0 | I22: =ROUNDUP(((B22+C22)*2),0) -> 0 | J22: =ROUNDUP(D22/16,0) -> 0
D23: =B23*C23 -> 0 | E23: =ROUNDUP(D23/$D$10,0) -> 0 | F23: =ROUNDUP(D23/4,0) -> 0 | G23: =ROUNDUP(F23/2,0) -> 0 | H23: =ROUNDUP(G23*1,0) -> 0 | I23: =ROUNDUP(((B23+C23)*2),0) -> 0 | J23: =ROUNDUP(D23/16,0) -> 0
A24: Material Quantities | D24: =SUM(D14:D23) -> 1000 | E24: =SUM(E14:E23) -> 251 | F24: =SUM(F14:F23) -> 251 | G24: =SUM(G14:G23) -> 126 | H24: =SUM(H14:H23) -> 126 | I24: =SUM(I14:I23) -> 195 | J24: =SUM(J14:J23) -> 64
A26: Material | B26: Adjusted Qt Units | D26: Price | E26: Amount | G26: BOX Qt | H26: Boxes | I26: Price | J26: Total | L26: Material Description
A27: ="Panels "&B10&" x "&C10 -> Panels 2 x 2 | B27: =E24 -> 251 | D27: =I27/G27 -> 0 | E27: =B27*D27 -> 0 | G27: 8 | H27: =ROUNDUP(B27/G27,0) -> 32 | I27: 0 | J27: =H27*I27 -> 0 | L27: NO TILE
A28: Main Runners | B28: =ROUNDUP(F24/12,0) -> 21 | D28: =I28/G28 -> 23.25 | E28: =B28*D28 -> 488.25 | G28: 20 | H28: =ROUNDUP(B28/G28,0) -> 2 | I28: 465 | J28: =H28*I28 -> 930 | K28: #6100 | L28: Armstrong Grid Interlude XL
A29: Cross Runners 4' | B29: =ROUNDUP(G24,0)+2 -> 128 | D29: =I29/G29 -> 5.3 | E29: =B29*D29 -> 678.4 | G29: 60 | H29: =ROUNDUP(B29/G29,0) -> 3 | I29: 318 | J29: =H29*I29 -> 954 | K29: #XL6140
A30: Cross Runners 2' | B30: =ROUNDUP(H24,0)+2 -> 128 | D30: =I30/G30 -> 2.6333333 | E30: =B30*D30 -> 337.06667 | G30: 60 | H30: =ROUNDUP(B30/G30,0) -> 3 | I30: 158 | J30: =H30*I30 -> 474 | K30: #XL6120
A31: Wall Angles | B31: =ROUNDUP(I24/12,0) -> 17 | D31: =I31/G31 -> 9.1 | E31: =B31*D31 -> 154.7 | G31: 30 | H31: =ROUNDUP(B31/G31,0) -> 1 | I31: 273 | J31: =H31*I31 -> 273 | K31: #7804
A32: Wires and pins | D32: 0.65 | E32: =J24*D32 -> 41.6 | J32: =SUM(J27:J31) -> 2631
A34: Material Total | E34: =SUM(E27:E33) -> 1700.0167
A35: Sales Taxs | D35: 0.06 | E35: =(E34*D35) -> 102.001
A36: Insurance, Mark Up and Delivery | D36: 0.2 | E36: =(E34*D36) -> 340.00333
A37: Gran Material Total | E37: =SUM(E34:E36) -> 2142.021
A38: Labor Cost | E38: =(D24*J38)+((D24*J38)*D36) -> 0 | H38: Labor Cost SqFt | J38: 0
A39: Gran Total | E39: =ROUNDUP(SUM(E37:E38),0) -> 2143
G42: LAST UPDATED 07/26/2025
A43: Price p/ SqFT | B43: =E39/D24 -> 2.143
